knighthack, lawful male human Knight ------------- |.<.........| |...........-# #............|# ###-------------# # # ### # # # # # -------# # |.....|# ## |.....|# #---------+----- |.....|# #|.%[))[Cohoooh| |.....|# #.@%%.C%hhooooh| |......# |T.[%%%GohoGoh| |.....| --------..hooh| ------- ......| ------- knighthack the Bachelor Experience level: 8 Strength: 18 Dexterity: 12 Constitution: 14 Intelligence: 8 Wisdom: 14 Charisma: 17 Health: 0(53) Energy: 46(46) Def: 9 Gold: 230 Moves: 6961 Dungeon seed: kvgMJ3JXB1CfCXnz Game ID: knighthack_1460740776 Your Inventory: Coins $ - 230 gold pieces Weapons a - an uncursed +1 long sword (weapon in hand) P - 3 blessed +1 elven arrows (in quiver) Q - a blessed +0 elven bow U - 10 uncursed +0 arrows Armor e - an uncursed +0 dwarvish cloak n - an uncursed +0 helmet (being worn) t - an uncursed +0 pair of leather gloves y - an uncursed +0 elven mithril-coat (being worn) z - a blessed +0 shield of reflection (being worn) G - an uncursed +0 elven cloak (being worn) N - a cursed -2 crystal plate mail Comestibles d - 13 uncursed apples f - 15 uncursed carrots i - 4 uncursed food rations l - 7 uncursed tripe rations s - 2 uncursed fortune cookies x - 2 uncursed eggs M - an uncursed lizard corpse Scrolls b - an uncursed scroll of blank paper Spellbooks g - an uncursed spellbook of healing Potions o - an uncursed potion of water r - an uncursed potion of object detection v - an uncursed potion of healing Z - an uncursed potion of extra healing Wands c - a blessed wand of undead turning (0:6) h - an uncursed wand of light (0:11) j - an uncursed wand of fire (0:5) w - an uncursed wand of enlightenment (0:14) E - an uncursed wand of magic missile (0:6) S - an uncursed wand of slow monster (0:3) Y - an uncursed wand of opening (0:6) Tools k - an uncursed lock pick m - an uncursed expensive camera (0:57) u - an uncursed blindfold Gems q - an uncursed fluorite stone Spells and supernatural/magical abilities: Name Level Category Fail Memory W - pray for help -- divine ? -- X - turn undead -- divine ? -- Y - supernatural jump -- ability ? -- Your skills at the end: Miscellaneous Skills shield [Basic] wands [Basic] riding [Basic] Weapon Skills long sword [Basic] polearms [Basic] Spellcasting Skills Final Attributes: You were aligned. You were poison resistant. You were telepathic. You were stealthy. You could jump. You were fast. You had reflection. You are dead. Vanquished creatures: a giant mimic a pyrolisk 2 flaming spheres a shocking sphere a human mummy a giant beetle a lizard an iron piercer a vampire bat a dwarf mummy 4 Green-elves a dingo a housecat a jaguar a dwarf lord 2 blue jellies a dust vortex a plains centaur 4 Woodland-elves 3 fire ants 9 bugbears a rock mole 2 ponies 4 yellow lights 5 gnome lords a gnomish wizard a golden naga hatchling a gray ooze an elf zombie a ghoul a paper golem 4 floating eyes a homunculus a kobold lord 2 iguanas 12 hill orcs 2 rothes 2 rabid rats 2 giant bats a dwarf zombie 3 wererats a werejackal 24 killer bees a coyote 4 large kobolds 2 geckos 11 hobgoblins 9 giant rats 10 cave spiders 2 yellow molds a green mold 2 red molds 7 gnomes 6 manes a gnome zombie 6 jackals 2 foxes a kobold 4 newts 5 goblins 8 sewer rats 3 grid bugs 5 lichens 2 kobold zombies 204 creatures vanquished. Voluntary challenges: You used a wielded weapon 305 times, starting on turn 1. You did not apply a unicorn horn. You read items or engraved 2 times, starting on turn 3367. You never genocided any monsters. You never polymorphed an object. You never changed form. You used no wishes. You never split a pudding. You wrote Elbereth's name 2 times, starting on turn 3367. You violated your moral code, losing 7 points of alignment, starting on turn 1383. Dungeon overview: The Dungeons of Doom: levels 1 to 11 Level 1 a fountain a long staircase Level 2 a general store, a fountain Level 3 a fountain, a sink Level 4 (leppy) some fountains stairs to The Gnomish Mines Level 5 a jewelry store, a sink Level 6 a throne Level 7 Level 8 a general store, an altar to Brigit, a fountain Level 9 many fountains Level 10 stairs to Sokoban Level 11 <- You were here a throne The Gnomish Mines: Level 5 stairs to The Dungeons of Doom Sokoban: levels 7 to 9 Level 7 Level 8 Level 9 a magic chest stairs to The Dungeons of Doom History has recorded: On T:1 you entered the Dungeons of Doom to retrieve the Amulet of Yendor! On T:129 you reached level 2 of The Dungeons of Doom. On T:494 you advanced to experience level 2. On T:547 you reached level 3 of The Dungeons of Doom. On T:817 you reached level 4 of The Dungeons of Doom. On T:927 you advanced to experience level 3. On T:1062 you reached level 5 of The Dungeons of Doom. On T:1344 you reached level 6 of The Dungeons of Doom. On T:1387 you advanced to experience level 4. On T:1415 you advanced to experience level 5. On T:1476 you reached level 7 of The Dungeons of Doom. On T:1607 you reached level 8 of The Dungeons of Doom. On T:1973 you advanced to experience level 6. On T:2917 you advanced to experience level 7. On T:4011 you reached level 1 of The Gnomish Mines. On T:4722 you advanced to experience level 8. On T:4867 you reached level 9 of The Dungeons of Doom. On T:5040 you reached level 10 of The Dungeons of Doom. On T:5124 you reached level 4 of Sokoban. On T:5160 you opened a magic chest. On T:5164 you opened a magic chest. On T:5206 you opened a magic chest. On T:5357 you reached level 3 of Sokoban. On T:5602 you opened a magic chest. On T:5971 you opened a magic chest. On T:6136 you reached level 2 of Sokoban. On T:6668 you opened a magic chest. On T:6787 you reached level 11 of The Dungeons of Doom. Score breakdown: Gold: 230 ( 23 points) Experience: 8 levels ( 700 points) Exploration: 11 levels ( 300 points) Discoveries: 11 items ( 550 points) Variety of kills: 64 monsters ( 2000 points) Major goal: (nothing yet) ( 0 points) Survival: died (score multiplied by 3) Total score: 10719 Latest messages: The troll misses. The troll claws you! You die... Final status: Fare thee well knighthack the Knight, killed by a troll... You died in The Dungeons of Doom on dungeon level 11 with 10719 points, and 230 pieces of gold, after 6961 moves. You were level 8 with a maximum of 53 hit points when you died.